 Dungeon Crawl Stone Soup version 0.23.2 (webtiles) character file.

Game seed: 9288467086140262632

2840 Borgoz the Covered (level 9, -1/55 HPs)
             Began as a Gargoyle Gladiator on Apr 9, 2019.
             Was a Follower of Ashenzari.
             Killed from afar by a wizard (24 damage)
             ... with a bolt of cold
             ... on level 8 of the Dungeon.
             The game lasted 00:12:26 (7096 turns).

Borgoz the Covered (Gargoyle Gladiator)             Turns: 7096, Time: 00:12:28

Health: -1/55      AC: 14    Str: 18    XL:     9   Next: 74%
Magic:  9/9        EV: 16    Int:  9    God:    Ashenzari [*.....]
Gold:   381        SH:  0    Dex: 16    Spells: 8/8 levels left

rFire    + . .     SeeInvis .   a - +2 dagger (venom)
rCold    . . .     Gourm    .   (no shield)
rNeg     + . .     Faith    .   y - +0 leather armour
rPois    ∞         Spirit   .   c - +0 helmet
rElec    +         Reflect  .   (no cloak)
rCorr    .         Harm     .   D - +0 pair of gloves (curse)
MR       .....     Clarity  +   x - +0 pair of boots
Stlth    +++.......             (no amulet)
HPRegen  0.18/turn              s - ring of protection from fire
MPRegen  0.11/turn              m - ring of stealth

@: lightly drained
A: thin skeletal structure 1, clarity, negative energy resistance 1, electricity
resistance, unbreathing, petrification resistance, no potion heal 1, rot
immunity, AC +6
a: Curse Item, Scrying, Renounce Religion


You were on level 8 of the Dungeon.
You worshipped Ashenzari.
Ashenzari was aware of your devotion.
You were not hungry.

You visited 2 branches of the dungeon, and saw 9 of its levels.

You collected 381 gold pieces.

Inventory:

Hand Weapons
 a - a +2 dagger of venom (weapon)
 b - a +2 short sword of freezing
 p - a +0 rapier
Missiles
 d - 4 throwing nets (quivered)
 u - 5 tomahawks
Armour
 c - a +0 helmet (worn)
 x - a +0 pair of boots (worn)
 y - a +0 leather armour (worn)
 D - a cursed +0 pair of gloves (worn)
Jewellery
 m - a ring of stealth (right hand)
 s - a ring of protection from fire (left hand)
Wands
 t - a wand of paralysis (7)
Scrolls
 g - a scroll of blinking
 k - 3 scrolls of remove curse
 q - a scroll of fear
 r - a scroll of enchant weapon
 B - a scroll of teleportation
 C - a scroll of fog
Potions
 e - a potion of cancellation
 i - 2 potions of heal wounds
 l - a potion of brilliance
 n - a potion of magic
 o - a potion of agility
 v - a potion of flight
 z - a potion of haste
Comestibles
 f - 7 rations
 j - 2 chunks of flesh


   Skills:
 + Level 5.9 Fighting
 * Level 6.9 Short Blades
 - Level 1.7 Throwing
 * Level 7.5 Armour
 * Level 6.3(6.2) Dodging


You had 8 spell levels left.
You didn't know any spells.
Your spell library was empty.

Dungeon Overview and Level Annotations

Branches:
Dungeon (8/15)             Temple (1/1) D:7            Lair (0/6) D:8

Altars:
Ashenzari
Cheibriados
Dithmenos
Elyvilon
Fedhas
Gozag
Hepliaklqana
Kikubaaqudgha
Makhleb
Nemelex Xobeh
Okawaru
Qazlal
Ru
Sif Muna
Trog
Uskayaw
Vehumet
Wu Jian
Xom
Yredelemnul
Zin
The Shining One


Innate Abilities, Weirdness & Mutations

You are resistant to torment.
Your stone body is resilient. (AC +6)
You are immune to poison.
You resist negative energy. (rN+)
You are resistant to electric shocks. (rElec)
You can survive without breathing.
You are immune to petrification.
You are immune to rotting.
You have a somewhat thin skeletal structure. (Dex +2, Stealth)
You possess an exceptional clarity of mind.
Potions are less effective at restoring your health.


Message History

The wizard hits you but does no damage.
You are too injured to fight recklessly!
You are too injured to fight recklessly!
You hit the wizard.
The wizard looks as sick as possible!
The wizard is heavily wounded.
The wizard shouts, "You can't withstand my power!"
The wizard hits you but does no damage.
You hit the wizard.
The wizard looks as sick as possible!
The wizard is heavily wounded.
The wizard barely misses you.
You hit the wizard.
The wizard looks as sick as possible!
The wizard is severely wounded.
The wizard hits you but does no damage.
You closely miss the wizard.
The wizard is severely wounded.
The wizard mumbles some strange words.
The wizard glows brightly for a moment.
The wizard casts a spell at you. The bolt of cold hits you!!
You die...

#.. .=. ... #..≈ ?.5 ≈.#
## #..≈# .35 #≈.# #.
...≈≈##p##≈≈.## #.
#..≈≈≈4≈≈≈.... #.
#...oo)5..# #. ##.#
#.#######..# ...
#.)..@p....# #.#
##########.# #.#
.##########...#....# ...
.....<..........#.)# #.#
###.##.###...#....# ##.#
#.# ##..##....###.###...
#.# #..##.(...........#
#.####(.#.......#.###..#
#..................<...#


You could see a wizard.

Vanquished Creatures
  An orc sorcerer (D:8)
  A wyvern (D:6)
  A hungry ghost (D:7)
  Edmund (D:6)
  2 orc warriors
  A sky beast (D:5)
  A phantom (D:6)
  A centaur (D:7)
  2 ogres (D:4)
  A bullfrog (D:7)
  A gnoll sergeant (D:5)
  2 big kobolds
  4 scorpions
  5 wights (D:6)
  A centaur zombie (D:5)
  2 crimson imps
  3 hounds
  A quasit (D:7)
  2 bullfrog zombies
  2 centaur skeletons
  4 orc priests
  A bullfrog skeleton (D:4)
  7 orc wizards
  An iguana (D:4)
  4 worker ants
  A hound zombie (D:7)
  A hound skeleton (D:6)
  10 gnolls
  7 adders
  4 shadow imps
  An adder zombie (D:5)
  An ooze (D:1)
  A worm (D:2)
  A dart slug (D:3)
  9 leopard geckos
  31 orcs
  4 giant cockroaches
  7 goblins
  5 hobgoblins
  13 jackals
  9 kobolds
  6 quokkas
  2 ball pythons
  7 bats
  3 frilled lizards
  5 rats
180 creatures vanquished.

Notes
Turn   | Place    | Note
-------+----------+-------------------------------------------
     0 | D:1      | Borgoz the Gargoyle Gladiator began the quest for the Orb.
     0 | D:1      | Reached XP level 1. HP: 12/12 MP: 1/1
   339 | D:1      | Reached XP level 2. HP: 16/17 MP: 2/2
   746 | D:2      | Reached skill level 1 in Armour
   947 | D:2      | Reached XP level 3. HP: 22/22 MP: 3/3
  1349 | D:3      | Reached skill level 2 in Armour
  1349 | D:3      | Reached XP level 4. HP: 26/27 MP: 4/4
  1434 | D:3      | Found a shadowy altar of Dithmenos.
  1464 | D:3      | Reached XP level 5. HP: 25/32 MP: 5/5
  2444 | D:4      | Reached skill level 3 in Armour
  2444 | D:4      | Reached XP level 6. HP: 27/37 MP: 6/6
  2598 | D:4      | Reached skill level 4 in Armour
  2598 | D:4      | Reached XP level 7. HP: 23/42 MP: 7/7
  2812 | D:5      | Entered Level 5 of the Dungeon
  3321 | D:5      | Reached skill level 5 in Short Blades
  3321 | D:5      | Reached XP level 8. HP: 15/48 MP: 8/8
  3697 | D:5      | Reached skill level 5 in Armour
  3765 | D:5      | Found a radiant altar of Vehumet.
  4068 | D:5      | Found a glowing golden altar of the Shining One.
  4119 | D:6      | Noticed Edmund
  4134 | D:6      | Killed Edmund
  4134 | D:6      | Reached skill level 5 in Dodging
  4329 | D:6      | Noticed a wyvern
  4354 | D:6      | Killed a wyvern
  4354 | D:6      | Reached skill level 5 in Fighting
  4354 | D:6      | Reached skill level 6 in Armour
  4764 | D:6      | Gained mutation: You tend to lose your temper in combat.
                  | [potion of mutation]
  4764 | D:6      | Gained mutation: You are somewhat resistant to further
                  | mutation. [potion of mutation]
  4772 | D:6      | Lost mutation: You tend to lose your temper in combat.
                  | [potion of mutation]
  4772 | D:6      | Lost mutation: You are somewhat resistant to further
                  | mutation. [potion of mutation]
  4772 | D:6      | Gained mutation: Potions are less effective at restoring
                  | your health. [potion of mutation]
  4772 | D:6      | Gained mutation: You have a somewhat thin skeletal
                  | structure. (Dex +2, Stealth) [potion of mutation]
  4772 | D:6      | Gained mutation: You possess an exceptional clarity of
                  | mind. [potion of mutation]
  4813 | D:6      | Reached XP level 9. HP: 28/54 MP: 9/9
  5112 | D:6      | Found a blossoming altar of Fedhas.
  5822 | D:7      | Found a staircase to the Ecumenical Temple.
  5828 | D:7      | Reached skill level 7 in Armour
  5842 | Temple   | Entered the Ecumenical Temple
  5860 | Temple   | Became a worshipper of Ashenzari the Shackled
  6064 | D:7      | Found a basalt altar of Yredelemnul.
  6088 | D:7      | Found a sacrificial altar of Ru.
  6104 | D:7      | Found a burning altar of Makhleb.
  6588 | D:8      | Reached * piety under Ashenzari
  6589 | D:8      | Noticed an orc sorcerer
  6589 | D:8      | Noticed an orc sorcerer
  6590 | D:8      | Noticed an orc sorcerer
  6591 | D:8      | Identified the amulet "Ydaoruez" {Acrobat *Drain Int+5}
  6592 | D:8      | Paralysed by an orc sorcerer for 6 turns
  6595 | D:8      | Noticed a hellwing
  6597 | D:8      | Noticed a wizard
  6604 | D:8      | Killed an orc sorcerer
  6850 | D:8      | Noticed a death yak
  6851 | D:8      | Found a staircase to the Lair.
  6851 | D:8      | Noticed a death yak
  6851 | D:8      | Noticed a death yak
  6851 | D:8      | Noticed a death yak
  6852 | D:8      | Noticed a death yak
  6853 | D:8      | Noticed a death yak
  6854 | D:8      | Noticed a death yak
  6855 | D:8      | Noticed a death yak
  7096 | D:8      | Killed from afar by a wizard

Skill      XL: |  1  2  3  4  5  6  7  8  9 |
---------------+----------------------------+-----
Armour         | 1 2 3 4 6 7 |  7.5
Short Blades   | 3 4 5 6 |  6.9
Dodging        | 3 4 5 6 |  6.3
Fighting       | 3 4 5 |  5.9
Throwing       | |  1.7

Action                   |  1- 3 |  4- 6 |  7- 9 || total
-------------------------+-------+-------+-------++-------
Melee: Rapier            |    77 |       |       ||    77
       Dagger            |     4 |   185 |   527 ||   716
       Short sword       |       |       |   139 ||   139
Throw: Throwing net      |       |     1 |     5 ||     6
  Use: Potion            |       |       |     9 ||     9
       Scroll            |       |       |    14 ||    14
 Stab: Held in net/web   |       |     1 |     1 ||     2
       Sleeping          |       |       |     1 ||     1
  Eat: Chunk             |     1 |     5 |    16 ||    22
       Ration            |       |       |     1 ||     1
Armor: Leather armour    |    39 |    66 |   267 ||   372
Dodge: Dodged            |    58 |   130 |   497 ||   685
